| TOP OF THE 1ST |
|
Sarasota Eagles batting - Pitching for St. Pete Cardinals : RHP Stan Leland
|
|
Pitching: RHP Stan Leland
|
|
|
Batting: SHB Todd Mabe
|
0-0: Ball 1-0: Ball 2-0: Ball 3-0: Called Strike 3-1: Base on Balls
|
|
Batting: RHB Darrin Jackson
|
0-0: Ball 1-0: Foul Ball, location: 2F 1-1: Ball 2-1: Called Strike 2-2: Ball 3-2: Fly out, F7 (Flyball, 78M, EV 85.6 MPH)
|
|
Pitching: RHP John Nurthen
|
|
|
Batting: RHB Thomas Brassil
|
0-0: Called Strike Todd Mabe steals 2nd base 0-1: DOUBLE (Flyball, 7LM, EV 86.9 MPH) Todd Mabe scores
|
|
Batting: SHB Ramon Sambo
|
0-0: Ball 1-0: Foul Ball, location: 2F 1-1: Called Strike 1-2: Reached on error, E6 (Groundball, 56, EV 104.4 MPH) Thomas Brassil to third
|
|
Batting: RHB Gary Appino
|
0-0: SINGLE (Groundball, 56D, EV 98.8 MPH) Thomas Brassil scores Ramon Sambo to second
|
|
Batting: RHB Lorenzo Arce
|
0-0: Ball 1-0: Called Strike 1-1: Ball Ramon Sambo steals 3rd base Gary Appino to second 2-1: Ball 3-1: Base on Balls
|
|
Batting: RHB Jose Estrada
|
0-0: Ball 1-0: Foul Ball, location: 2F 1-1: Ball 2-1: Foul Ball, location: 2F 2-2: Grounds into double play, 6-4-3 (Groundball, 6S, EV 83.8 MPH)
|
| Top of the 1st over - 2 runs, 2 hits, 1 error, 2 left on base; Sarasota 2 - St. Pete 0 |
| BOTTOM OF THE 1ST |
|
St. Pete Cardinals batting - Pitching for Sarasota Eagles : LHP Rich Sauveur
|
|
Pitching: LHP Rich Sauveur
|
|
|
Batting: RHB John Roberts
|
0-0: SINGLE (Flyball, 89S, EV 83.1 MPH)
|
|
Batting: SHB Mickey Riley
|
0-0: Ball 1-0: Swinging Strike 1-1: Ball 2-1: Foul Ball, location: 2F 2-2: Strikes out swinging
|
|
Batting: RHB Joe Scime
|
0-0: Ball John Roberts steals 2nd base 1-0: Ball 2-0: Ball 3-0: Called Strike 3-1: Base on Balls
|
|
Batting: RHB Victor Jimenez
|
0-0: Ball 1-0: Swinging Strike 1-1: Foul Ball, location: 2F 1-2: Foul Ball, location: 2F 1-2: Ball 2-2: Ball 3-2: Fielders Choice at 3rd, U5 (Groundball, 5L, EV 97.5 MPH) Joe Scime to second
|
|
Batting: RHB Eric Hardgrave
|
0-0: Ball 1-0: Called Strike 1-1: SINGLE (Line Drive, 6MD, EV 95.6 MPH) Joe Scime to third Victor Jimenez to second Runner from 3rd tries for Home, SAFE, throw by CF to home
|
|
Batting: RHB Tom Magrann
|
0-0: Ball 1-0: Ball 2-0: Called Strike 2-1: Foul Ball, location: 2F 2-2: Ball 3-2: Base on Balls Victor Jimenez to third Eric Hardgrave to second
|
|
Batting: RHB Omar Interiano
|
0-0: Ball 1-0: Swinging Strike 1-1: Ball 2-1: Ball 3-1: Base on Balls Victor Jimenez scores Eric Hardgrave to third Tom Magrann to second
|
|
Batting: RHB Jose Mantilla
|
0-0: Ball 1-0: DOUBLE (Line Drive, 89M, EV 103.1 MPH) Eric Hardgrave scores Tom Magrann scores Omar Interiano to third Runner from 3rd tries for Home, SAFE, no throw by RF
|
|
Batting: RHB Carlos Garcia
|
0-0: Ball 1-0: Ball 2-0: Foul Ball, location: 2F 2-1: Ball 3-1: Base on Balls
|
|
Pitching: RHP Dave Lenderman
|
|
|
Batting: RHB John Roberts
|
0-0: Swinging Strike 0-1: Ball 1-1: Ball 2-1: Foul Ball, location: 2F 2-2: Ball 3-2: Foul Ball, location: 2F 3-2: Foul Ball, location: 2F 3-2: Base on Balls Jose Mantilla to third Carlos Garcia to second
|
|
Batting: SHB Mickey Riley
|
0-0: Called Strike 0-1: Fly out, F4 (Popup, 4, EV 60.6 MPH)
|
| Bottom of the 1st over - 5 runs, 3 hits, 0 errors, 3 left on base; Sarasota 2 - St. Pete 5 |
| TOP OF THE 2ND |
|
Sarasota Eagles batting - Pitching for St. Pete Cardinals : RHP John Nurthen
|
|
Batting: RHB Ramon Henderson
|
0-0: Ground out 5-3 (Groundball, 56, EV 101.3 MPH)
|
|
Batting: LHB Kevin Johnston
|
0-0: Ball 1-0: Fly out, F7 (Line Drive, 7, EV 91.9 MPH)
|
|
Batting: SHB Todd Mabe
|
0-0: Fly out, F1 (Line Drive, P, EV 62.5 MPH)
|
| Top of the 2nd over - 0 runs, 0 hits, 0 errors, 0 left on base; Sarasota 2 - St. Pete 5 |
| BOTTOM OF THE 2ND |
|
St. Pete Cardinals batting - Pitching for Sarasota Eagles : RHP Dave Lenderman
|
|
Batting: RHB Joe Scime
|
0-0: Ball 1-0: Called Strike 1-1: Ball 2-1: Swinging Strike 2-2: Ball 3-2: Strikes out looking
|
|
Batting: RHB Victor Jimenez
|
0-0: Swinging Strike 0-1: Swinging Strike 0-2: Strikes out looking
|
|
Batting: RHB Eric Hardgrave
|
0-0: Ball 1-0: Ground out 5-3 (Groundball, 56S, EV 70.6 MPH)
|
| Bottom of the 2nd over - 0 runs, 0 hits, 0 errors, 0 left on base; Sarasota 2 - St. Pete 5 |
| TOP OF THE 3RD |
|
Sarasota Eagles batting - Pitching for St. Pete Cardinals : RHP John Nurthen
|
|
Batting: RHB Darrin Jackson
|
0-0: Ball 1-0: Fly out, F7 (Flyball, 7D, EV 106.9 MPH)
|
|
Batting: RHB Thomas Brassil
|
0-0: Ball 1-0: Ground out 4-3 (Groundball, 4MD, EV 96.9 MPH)
|
|
Batting: SHB Ramon Sambo
|
0-0: Called Strike 0-1: SINGLE (Groundball, 4S, EV 69.4 MPH) (infield hit)
|
|
Batting: RHB Gary Appino
|
0-0: Ball 1-0: Ball 2-0: Called Strike 2-1: Foul Ball, location: 2F 2-2: Fly out, F9 (Line Drive, 9D, EV 98.1 MPH)
|
| Top of the 3rd over - 0 runs, 1 hit, 0 errors, 1 left on base; Sarasota 2 - St. Pete 5 |
| BOTTOM OF THE 3RD |
|
St. Pete Cardinals batting - Pitching for Sarasota Eagles : RHP Dave Lenderman
|
|
Batting: RHB Tom Magrann
|
0-0: Fly out, F9 (Flyball, 9, EV 89.4 MPH)
|
|
Batting: RHB Omar Interiano
|
0-0: Called Strike 0-1: Foul Ball, location: 2F 0-2: Fly out, F5 (Line Drive, 5, EV 66.3 MPH)
|
|
Batting: RHB Jose Mantilla
|
0-0: Fly out, F6 (Popup, 6MS, EV 76.9 MPH)
|
| Bottom of the 3rd over - 0 runs, 0 hits, 0 errors, 0 left on base; Sarasota 2 - St. Pete 5 |
| TOP OF THE 4TH |
|
Sarasota Eagles batting - Pitching for St. Pete Cardinals : RHP John Nurthen
|
|
Batting: RHB Lorenzo Arce
|
0-0: Ground out 6-3 (Groundball, 6, EV 76.3 MPH)
|
|
Batting: RHB Jose Estrada
|
0-0: Fly out, F7 (Flyball, 7S, EV 81.3 MPH)
|
|
Batting: RHB Ramon Henderson
|
0-0: Ball 1-0: Foul Ball, location: 2F 1-1: Ball 2-1: Foul Ball, location: 2F 2-2: Ball 3-2: Foul Ball, location: 2F 3-2: Foul Ball, location: 2F 3-2: Base on Balls
|
|
Batting: LHB Kevin Johnston
|
0-0: Foul Ball, location: 2F 0-1: Ground out U3 (Groundball, 3S, EV 88.1 MPH)
|
| Top of the 4th over - 0 runs, 0 hits, 0 errors, 1 left on base; Sarasota 2 - St. Pete 5 |
| BOTTOM OF THE 4TH |
|
St. Pete Cardinals batting - Pitching for Sarasota Eagles : RHP Dave Lenderman
|
|
Batting: RHB Carlos Garcia
|
0-0: Called Strike 0-1: Foul Ball, location: 2F 0-2: Foul Ball, location: 2F 0-2: Ball 1-2: Fly out, F7 (Flyball, 7LM, EV 97.5 MPH)
|
|
Batting: RHB John Roberts
|
0-0: Ball 1-0: Ground out 5-3 (Groundball, 5L, EV 78.8 MPH)
|
|
Batting: SHB Mickey Riley
|
0-0: Ball 1-0: Foul Ball, location: 2F 1-1: Ball 2-1: Swinging Strike 2-2: Foul Ball, location: 2F 2-2: Ground out U3 (Groundball, 34S, EV 89.4 MPH)
|
| Bottom of the 4th over - 0 runs, 0 hits, 0 errors, 0 left on base; Sarasota 2 - St. Pete 5 |
| TOP OF THE 5TH |
|
Sarasota Eagles batting - Pitching for St. Pete Cardinals : RHP John Nurthen
|
|
Batting: SHB Todd Mabe
|
0-0: Fly out, F8 (Flyball, 78M, EV 90.0 MPH)
|
|
Batting: RHB Darrin Jackson
|
0-0: Called Strike 0-1: SINGLE (Line Drive, 4MD, EV 93.8 MPH)
|
|
Batting: RHB Thomas Brassil
|
0-0: Called Strike Darrin Jackson steals 2nd base (no throw) 0-1: Ground out 4-3 (Groundball, 4S, EV 88.1 MPH) Darrin Jackson to third
|
|
Batting: SHB Ramon Sambo
|
0-0: Ball 1-0: Called Strike 1-1: Foul Ball, location: 2F 1-2: Foul Ball, location: 2F 1-2: Foul Ball, location: 2F 1-2: Ball 2-2: Ball 3-2: Foul Ball, location: 2F 3-2: Fly out, F6 (Popup, 6MS, EV 63.1 MPH)
|
| Top of the 5th over - 0 runs, 1 hit, 0 errors, 1 left on base; Sarasota 2 - St. Pete 5 |
| BOTTOM OF THE 5TH |
|
St. Pete Cardinals batting - Pitching for Sarasota Eagles : RHP Dave Lenderman
|
|
Batting: RHB Joe Scime
|
0-0: Called Strike 0-1: Called Strike 0-2: Strikes out swinging
|
|
Batting: RHB Victor Jimenez
|
0-0: Fly out, F8 (Line Drive, 8RD, EV 106.9 MPH)
|
|
Batting: RHB Eric Hardgrave
|
0-0: Ball 1-0: Called Strike 1-1: Ball 2-1: Ball 3-1: SOLO HOME RUN (Flyball, 7LD, EV 106.9 MPH), Distance : 362 ft
|
|
Batting: RHB Tom Magrann
|
0-0: Ball 1-0: Swinging Strike 1-1: SINGLE (Groundball, 56D, EV 98.1 MPH)
|
|
Batting: RHB Omar Interiano
|
0-0: SINGLE (Groundball, 6M, EV 102.5 MPH) Tom Magrann to second
|
|
Batting: RHB Jose Mantilla
|
0-0: Ball 1-0: Ball 2-0: Ball 3-0: Base on Balls Tom Magrann to third Omar Interiano to second
|
|
Batting: RHB Carlos Garcia
|
0-0: Ball 1-0: Foul Ball, location: 2F 1-1: SINGLE (Groundball, 56, EV 96.3 MPH) Tom Magrann scores Omar Interiano to third Jose Mantilla to second Runner from 3rd tries for Home, SAFE, throw by LF to home
|
|
Batting: RHB John Roberts
|
0-0: Called Strike 0-1: Ball 1-1: Foul Ball, location: 2F 1-2: Ball Balk! Jose Mantilla to third Carlos Garcia to second 2-2: Foul Ball, location: 2F 2-2: 3-RUN HOME RUN (Flyball, 9D, EV 87.5 MPH), Distance : 392 ft
|
|
Batting: SHB Mickey Riley
|
0-0: Called Strike 0-1: Ground out 4-3 (Groundball, 4, EV 86.3 MPH)
|
| Bottom of the 5th over - 6 runs, 5 hits, 0 errors, 0 left on base; Sarasota 2 - St. Pete 11 |
| TOP OF THE 6TH |
|
Sarasota Eagles batting - Pitching for St. Pete Cardinals : RHP John Nurthen
|
|
Pitching: RHP Randy Sparks
|
|
|
Batting: RHB Gary Appino
|
0-0: Ground out 4-3 (Groundball, 4D, EV 100.0 MPH)
|
|
Batting: RHB Lorenzo Arce
|
0-0: Ball 1-0: Ball 2-0: Called Strike 2-1: Ball 3-1: Fly out, F7 (Flyball, 7LM, EV 92.5 MPH)
|
|
Batting: RHB Jose Estrada
|
0-0: Called Strike 0-1: Ball 1-1: Swinging Strike 1-2: Ball 2-2: Fly out, F4 (Popup, 4S, EV 81.9 MPH)
|
| Top of the 6th over - 0 runs, 0 hits, 0 errors, 0 left on base; Sarasota 2 - St. Pete 11 |
| BOTTOM OF THE 6TH |
|
St. Pete Cardinals batting - Pitching for Sarasota Eagles : RHP Dave Lenderman
|
|
Batting: RHB Joe Scime
|
0-0: Ball 1-0: Ground out 6-3 (Groundball, 6, EV 107.5 MPH)
|
|
Pitching: RHP Marco Rivera
|
|
|
Batting: RHB Victor Jimenez
|
0-0: Foul Ball, location: 2F 0-1: Ball 1-1: Ball 2-1: Swinging Strike 2-2: Foul Ball, location: 2F 2-2: TRIPLE (Flyball, 9D, EV 92.5 MPH)
|
|
Batting: RHB Eric Hardgrave
|
0-0: Foul Ball, location: 2F 0-1: Ball 1-1: Ball 2-1: Ball 3-1: Foul Ball, location: 2F 3-2: Foul Ball, location: 2F 3-2: Fly out, F8 (Flyball, 8LD, EV 101.3 MPH) Runner from 3rd tags up, SCORES, no throw by CF
|
|
Batting: RHB Tom Magrann
|
0-0: Fly out, F9 (Flyball, 9, EV 93.8 MPH)
|
| Bottom of the 6th over - 1 run, 1 hit, 0 errors, 0 left on base; Sarasota 2 - St. Pete 12 |
| TOP OF THE 7TH |
|
Sarasota Eagles batting - Pitching for St. Pete Cardinals : RHP Randy Sparks
|
|
Batting: RHB Ramon Henderson
|
0-0: Ball 1-0: Swinging Strike 1-1: Foul Ball, location: 2F 1-2: Ball 2-2: Foul Ball, location: 2F 2-2: Ball 3-2: Ground out 5-3 (Groundball, 5L, EV 78.8 MPH)
|
|
Pinch Hitting: RHB Javy Salinas
|
0-0: Ball 1-0: Ball 2-0: Ball 3-0: SINGLE (Groundball, 6M, EV 80.0 MPH) (infield hit)
|
|
Batting: SHB Todd Mabe
|
0-0: Ball Javy Salinas steals 2nd base (no throw) 1-0: Foul Ball, location: 2F 1-1: Foul Ball, location: 2F 1-2: Foul Ball, location: 2F 1-2: Ball 2-2: Foul Ball, location: 2F 2-2: Ball 3-2: Foul Ball, location: 2F 3-2: Ground out U3 (Groundball, 3L, EV 108.1 MPH) Javy Salinas to third
|
|
Pinch Hitting: RHB Cesar Lora
|
0-0: Fly out, F9 (Flyball, 9, EV 75.0 MPH)
|
| Top of the 7th over - 0 runs, 1 hit, 0 errors, 1 left on base; Sarasota 2 - St. Pete 12 |
| BOTTOM OF THE 7TH |
|
St. Pete Cardinals batting - Pitching for Sarasota Eagles : RHP Marco Rivera
|
|
Now in LF: Cesar Lora
|
|
|
Now in CF: Javy Salinas
|
|
|
Batting: RHB Omar Interiano
|
0-0: Ball 1-0: Foul Ball, location: 2F 1-1: Ground out 6-3 (Groundball, 56, EV 77.5 MPH)
|
|
Batting: RHB Jose Mantilla
|
0-0: Ball 1-0: Ground out 3-1 (Groundball, 34, EV 83.1 MPH)
|
|
Batting: RHB Carlos Garcia
|
0-0: Ball 1-0: Swinging Strike 1-1: Ball 2-1: Foul Ball, location: 2F 2-2: Reached on error, E6 (Groundball, 6, EV 83.1 MPH)
|
|
Batting: RHB John Roberts
|
0-0: SINGLE (Line Drive, 34D, EV 105.6 MPH) Carlos Garcia to second
|
|
Batting: SHB Mickey Riley
|
0-0: Called Strike 0-1: Ball 1-1: SINGLE (Groundball, 56D, EV 108.8 MPH) Carlos Garcia to third John Roberts to second Runner from 3rd tries for Home, SAFE, throw by LF to home
|
|
Batting: RHB Joe Scime
|
0-0: Called Strike 0-1: Ball 1-1: Called Strike 1-2: Strikes out looking
|
| Bottom of the 7th over - 1 run, 2 hits, 1 error, 2 left on base; Sarasota 2 - St. Pete 13 |
| TOP OF THE 8TH |
|
Sarasota Eagles batting - Pitching for St. Pete Cardinals : RHP Randy Sparks
|
|
Batting: RHB Thomas Brassil
|
0-0: Ball 1-0: Called Strike 1-1: Ground out U3 (Groundball, 3, EV 98.8 MPH)
|
|
Batting: SHB Ramon Sambo
|
0-0: Ball 1-0: Ball 2-0: Swinging Strike 2-1: Foul Ball, location: 2F 2-2: Strikes out swinging
|
|
Pinch Hitting: LHB Ray Martinez
|
0-0: Ball 1-0: Ball 2-0: Ball 3-0: Called Strike 3-1: Called Strike 3-2: Fly out, F8 (Flyball, 8RM, EV 76.9 MPH)
|
| Top of the 8th over - 0 runs, 0 hits, 0 errors, 0 left on base; Sarasota 2 - St. Pete 13 |
| BOTTOM OF THE 8TH |
|
St. Pete Cardinals batting - Pitching for Sarasota Eagles : RHP Marco Rivera
|
|
Now in RF: Ray Martinez
|
|
|
Batting: RHB Victor Jimenez
|
0-0: Foul Ball, location: 2F 0-1: Called Strike 0-2: Ball 1-2: Ball 2-2: Ball 3-2: Foul Ball, location: 2F 3-2: Base on Balls
|
|
Batting: RHB Eric Hardgrave
|
0-0: SINGLE (Flyball, 3D, EV 91.3 MPH) Victor Jimenez to second
|
|
Batting: RHB Tom Magrann
|
0-0: Called Strike 0-1: Fly out, F7 (Flyball, 7, EV 78.8 MPH)
|
|
Batting: RHB Omar Interiano
|
0-0: Ball 1-0: Foul Ball, location: 2F 1-1: SINGLE (Groundball, 6M, EV 88.8 MPH) (infield hit) Victor Jimenez to third Eric Hardgrave to second
|
|
Batting: RHB Jose Mantilla
|
0-0: Foul Ball, location: 2F 0-1: Called Strike 0-2: Strikes out swinging
|
|
Batting: RHB Carlos Garcia
|
0-0: Called Strike 0-1: Called Strike 0-2: Fielders Choice at 2nd, 5-4 (Groundball, 56, EV 104.4 MPH)
|
| Bottom of the 8th over - 0 runs, 2 hits, 0 errors, 3 left on base; Sarasota 2 - St. Pete 13 |
| TOP OF THE 9TH |
|
Sarasota Eagles batting - Pitching for St. Pete Cardinals : RHP Randy Sparks
|
|
Pitching: LHP Gordon Ricossa
|
|
|
Batting: RHB Lorenzo Arce
|
0-0: Foul Ball, location: 2F 0-1: Ball 1-1: Ground out 5-3 (Groundball, 56, EV 84.4 MPH)
|
|
Pinch Hitting: RHB Larry McIver
|
0-0: Ball 1-0: Ball 2-0: Called Strike 2-1: Swinging Strike 2-2: Foul Ball, location: 2F 2-2: Ground out 6-3 (Groundball, 6, EV 92.5 MPH)
|
|
Batting: RHB Ramon Henderson
|
0-0: Ball 1-0: Foul Ball, location: 2F 1-1: Foul Ball, location: 2F 1-2: Ground out 5-3 (Groundball, 5, EV 106.9 MPH)
|
| Top of the 9th over - 0 runs, 0 hits, 0 errors, 0 left on base; Sarasota 2 - St. Pete 13 |
|